Map: Scorie nucleari

Players

Tox

  • Race: Zerg Zerg
  • Spawn Location: 12:00

Tossunalla

  • Race: Protoss Protoss
  • Spawn Location: 9:00

undeadcs

  • Race: Zerg Zerg
  • Spawn Location: 11:00

Morrigu

  • Race: Protoss Protoss
  • Spawn Location: 12:00

TrapII - Winner!

  • Race: Protoss Protoss
  • Spawn Location: 5:00

Jhyrachy - Winner!

  • Race: Zerg Zerg
  • League: Silver
  • Spawn Location: 6:00

ReDMaN - Winner!

  • Race: Terran Terran
  • Spawn Location: 3:00

TheNoob - Winner!

  • Race: Protoss Protoss
  • League: Gold
  • Spawn Location: 6:00

VOD

Have the link to the VOD?

Description

Time

  • Played on: Dec. 26, 2015, 10:08 a.m.
  • Length: 19:28
Show
View Real Time Build Order
Export as new Build Order

Tox Zerg 

Build Orders: Pool First 

Get SALT Encoding   

  12  0:02  Drone  
  13  0:08  Drone  
  14  0:17  Extractor  
  14  0:18  Drone  
  14  0:25  Overlord  
  15  0:40  Extractor  
  14  0:45  Spawning Pool  
  14  0:46  Drone x2  
  15  0:51  Drone  
  16  1:05  Drone  
  17  1:23  Drone  
  18  1:27  Drone  
  18  1:28  Hatchery  
  18  1:39  Queen  
  20  1:48  Overlord  
  20  1:51  Drone  
  20  1:53  Drone  
  22  2:02  Overlord  
  22  2:12  Extractor  
  22  2:14  Drone  
  22  2:21  Queen  
  24  2:27  Overlord  
  24  2:37  Drone  
  25  2:42  Drone  
  25  2:44  Queen  
  28  2:58  Roach Warren  
  27  3:00  Lair  
  27  3:05  Drone  
  28  3:07  Drone  
  29  3:23  Zergling x8  
  31  3:48  Drone x3  
  30  4:02  Roach x3  
  34  4:11  Drone  
  35  4:17  Queen  
  35  4:27  Spine Crawler  
  31  4:33  Roach  
  33  4:43  Roach x5  
  33  4:44  Roach  
  45  4:48  Queen  
  45  4:51  Roach x2  
  49  5:27  Drone x3  
  52  5:37  Overseer  
  52  5:38  Overseer  
  52  5:55  Overlord  
  52  5:56  Overlord x4  
  52  6:20  Drone x3  
  52  6:21  Drone x2  
  47  6:43  Roach x4  
  55  6:51  Drone  
  56  7:11  Drone x2  
  58  7:24  Hydralisk Den  
  58  7:29  Drone  
  59  7:30  Drone x2  
  59  7:32  Drone  
  61  7:56  Muscular Augments  
  61  7:58  Drone x3  
  61  7:59  Drone  
  65  8:10  Drone x2  
  67  8:14  Extractor  
  67  8:15  Hatchery  
  65  8:25  Roach x3  
  65  8:26  Roach x4  
  76  8:49  Drone  
  77  9:15  Hatchery  
  76  9:22  Hydralisk x5  
  86  9:32  Overlord x4  
  86  9:38  Drone  
  86  9:41  Queen  
  89  9:50  Evolution Chamber  
  88  9:58  Hydralisk x2  
  92  10:04  Overseer  
  93  10:07  Drone x2  
  70  10:37  Hydralisk x3  
  70  10:38  Hydralisk x3  
  82  10:48  Drone x2  
  84  10:53  Drone x2  
  86  11:08  Drone x2  
  86  11:09  Drone  
  75  11:32  Hydralisk x6  
  77  11:33  Hydralisk x4  
  95  12:05  Roach x4  
  95  12:06  Roach x7  
  117  12:12  Queen  
  119  12:15  Zerg Ground Armor Level 1  
  119  12:23  Queen  
  121  12:37  Overlord x6  
  87  13:16  Overseer x2  
  85  14:10  Zerg Missile Weapons Level 1  
  85  14:14  Extractor  
  84  14:18  Extractor  
  84  14:19  Drone x3  
  84  14:21  Drone x3  
  84  14:23  Drone  
  84  14:24  Drone x2  
  92  14:30  Hydralisk  
  92  14:31  Hydralisk x6  
  98  15:05  Hydralisk x7  
  98  15:06  Hydralisk x4  
  118  15:18  Hydralisk x3  
  124  15:46  Hydralisk x5  
  124  15:47  Hydralisk x5  
Show
View Real Time Build Order
Export as new Build Order

Tossunalla Protoss 

Build Orders: Nexus First 

Get SALT Encoding   

  12  0:02  Probe (Chrono Boost)  
  13  0:13  Probe (Chrono Boost)  
  14  0:23  Probe (Chrono Boost)  
  15  0:30  Assimilator  
  15  0:42  Pylon  
  15  1:02  Nexus  
  15  1:09  Probe (Chrono Boost)  
  16  1:13  Assimilator  
  16  1:19  Probe (Chrono Boost)  
  17  1:27  Gateway  
  17  1:40  Forge  
  17  1:44  Probe (Chrono Boost)  
  18  1:55  Probe (Chrono Boost)  
  19  2:04  Pylon  
  19  2:05  Probe (Chrono Boost)  
  20  2:17  Photon Cannon  
  20  2:30  Cybernetics Core  
  20  2:36  Probe (Chrono Boost)  
  21  2:48  Probe (Chrono Boost)  
  23  2:51  Probe (Chrono Boost)  
  23  2:58  Probe (Chrono Boost)  
  23  3:02  Probe (Chrono Boost)  
  25  3:05  Assimilator  
  25  3:12  Stargate  
  25  3:19  Stargate  
  25  3:31  Pylon  
  25  3:37  Probe x2 (Chrono Boost)  
  25  3:41  Pylon  
  27  3:46  Photon Cannon  
  27  3:48  Probe x2 (Chrono Boost)  
  29  3:53  Pylon  
  29  4:00  Phoenix  
  31  4:13  Probe (Chrono Boost)  
  31  4:16  Assimilator  
  32  4:20  Photon Cannon  
  32  4:23  Probe (Chrono Boost)  
  33  4:26  Photon Cannon  
  33  4:30  Probe (Chrono Boost)  
  34  4:34  Probe (Chrono Boost)  
  34  4:38  Phoenix  
  37  4:41  Probe (Chrono Boost)  
  37  4:42  Protoss Air Weapons Level 1 (Chrono Boost)  
  38  4:52  Probe (Chrono Boost)  
  39  5:00  Pylon  
  39  5:02  Stargate  
  39  5:05  Stargate  
  39  5:08  Pylon  
  39  5:11  Probe (Chrono Boost)  
  40  5:16  Probe  
  41  5:23  Probe  
  41  5:27  Phoenix x2  
  46  5:35  Probe  
  47  5:47  Probe  
  48  5:52  Phoenix x2  
  48  5:53  Phoenix x2  
  56  5:58  Photon Cannon  
  56  6:04  Photon Cannon  
  56  6:09  Fleet Beacon  
  56  6:15  Pylon  
  56  6:22  Pylon  
  56  6:24  Phoenix  
  58  6:30  Phoenix  
  58  6:31  Phoenix  
  62  6:35  Phoenix  
  46  8:02  Tempest x4  
  62  8:11  Photon Cannon  
  62  8:13  Photon Cannon  
  62  8:17  Pylon  
  62  8:19  Photon Cannon  
  62  8:44  Tempest  
  62  8:45  Tempest x3  
  78  8:58  Protoss Air Weapons Level 2 (Chrono Boost)  
  78  9:21  Pylon  
  78  9:22  Pylon  
  78  9:24  Pylon  
  78  9:27  Pylon  
  78  9:29  Tempest x2 (Chrono Boost)  
  86  9:40  Photon Cannon  
  86  9:41  Photon Cannon  
  86  9:44  Photon Cannon  
  86  9:46  Photon Cannon  
  86  9:48  Photon Cannon  
  86  9:49  Photon Cannon  
  86  9:54  Tempest (Chrono Boost)  
  94  10:27  Tempest (Chrono Boost)  
  94  10:28  Tempest (Chrono Boost)  
  98  10:45  Tempest (Chrono Boost)  
  51  12:15  Phoenix (Chrono Boost)  
  47  12:17  Phoenix x2 (Chrono Boost)  
  47  12:18  Phoenix (Chrono Boost)  
  47  12:36  Phoenix (Chrono Boost)  
  49  12:39  Phoenix x3  
  25  13:54  Protoss Air Weapons Level 3 (Chrono Boost)  
  25  14:03  Anion Pulse-Crystals (Chrono Boost)  
  25  14:13  Pylon  
  25  14:14  Pylon  
  25  14:18  Pylon  
  25  14:23  Phoenix  
  25  14:30  Phoenix x2  
  25  14:45  Phoenix  
  27  14:48  Phoenix  
Show
View Real Time Build Order
Export as new Build Order

undeadcs Zerg 

Build Orders: Pool First, Lurkers 

Get SALT Encoding   

  12  0:03  Drone  
  13  0:10  Drone  
  14  0:18  Overlord  
  14  0:29  Extractor  
  14  0:30  Drone  
  14  0:32  Extractor  
  14  0:33  Drone  
  14  0:37  Drone  
  15  0:47  Drone  
  16  1:00  Spawning Pool  
  15  1:04  Drone  
  15  1:10  Drone  
  17  1:20  Drone  
  18  1:33  Drone  
  19  1:44  Drone  
  20  1:47  Queen  
  20  1:50  Roach Warren  
  21  1:56  Overlord  
  21  2:02  Drone  
  22  2:11  Spine Crawler  
  22  2:15  Spine Crawler  
  20  2:19  Drone  
  21  2:29  Spore Crawler  
  20  2:32  Drone  
  20  2:34  Drone  
  22  2:45  Roach  
  24  2:55  Overlord  
  24  2:59  Roach x2  
  24  3:05  Roach  
  30  3:16  Roach  
  32  3:23  Roach  
  34  3:31  Roach  
  34  3:32  Roach  
  38  3:34  Overlord  
  38  3:55  Drone x2  
  40  4:19  Hatchery  
  40  4:22  Lair  
  40  4:24  Drone x2  
  41  5:09  Evolution Chamber  
  41  5:14  Evolution Chamber  
  39  5:21  Drone x6  
  42  5:24  Pneumatized Carapace  
  42  5:25  Overseer  
  45  5:34  Overlord x2  
  45  5:56  Queen  
  47  5:57  Drone  
  47  5:58  Drone x4  
  47  5:59  Zerg Missile Weapons Level 1  
  47  6:00  Zerg Ground Armor Level 1  
  52  6:05  Spore Crawler  
  52  6:10  Spore Crawler  
  50  6:11  Hydralisk Den  
  49  6:19  Spore Crawler  
  49  6:20  Drone x2  
  50  6:32  Drone x2  
  52  6:37  Spore Crawler  
  52  6:39  Drone  
  52  6:41  Overlord x2  
  52  6:53  Extractor, Lurker Den  
  51  6:54  Extractor  
  51  6:56  Overlord  
  50  7:06  Drone x5  
  50  7:07  Drone  
  56  7:13  Glial Reconstitution  
  56  7:19  Ravager x2  
  56  7:21  Ravager x2  
  60  7:23  Drone x3  
  63  7:31  Drone x2  
  63  7:32  Drone x2  
  63  7:34  Drone  
  68  7:46  Hydralisk x3  
  68  7:50  Hydralisk  
  76  7:59  Spire  
  75  8:11  Overlord x3  
  75  8:29  Muscular Augments  
  75  8:30  Overlord x2  
  75  8:31  Overlord x2  
  75  9:00  Extractor  
  75  9:02  Hatchery  
  73  9:04  Extractor, Hydralisk x3  
  73  9:05  Hydralisk x3  
  84  9:27  Overlord x3  
  84  9:28  Overlord  
  84  9:32  Roach x2  
  88  9:46  Overlord x2  
  88  9:50  Zerg Flyer Weapons Level 1  
  88  9:53  Drone x4  
  92  10:02  Lurker x2  
  92  10:03  Lurker  
  92  10:04  Lurker  
  96  10:13  Drone x4  
  96  10:14  Queen  
  99  10:45  Drone  
  99  10:46  Drone  
  101  10:54  Spore Crawler, Drone x3  
  101  10:55  Drone  
  101  10:56  Drone  
  105  10:59  Hydralisk x5  
  105  11:00  Hydralisk x6  
  127  11:06  Infestation Pit  
  126  11:22  Hydralisk x2  
  126  11:23  Hydralisk x4  
  138  11:27  Overseer  
  138  12:02  Zerg Missile Weapons Level 2  
  138  12:03  Zerg Ground Armor Level 2  
  138  12:15  Hydralisk x6  
  142  12:16  Hydralisk  
  142  12:17  Roach x5  
  142  12:18  Roach x4  
  170  12:41  Hive  
  170  13:02  Corruptor x3  
  170  13:03  Corruptor x5  
  186  13:06  Overlord x3  
  186  13:07  Overlord x2  
  180  13:36  Corruptor x7  
  180  13:37  Corruptor  
  130  14:03  Hydralisk  
  130  14:04  Corruptor, Hydralisk x3  
  130  14:05  Corruptor x3  
  130  14:07  Corruptor  
  118  14:26  Spore Crawler  
  118  14:27  Spore Crawler  
  118  14:29  Spore Crawler  
  110  14:34  Spore Crawler x2  
  110  14:35  Spore Crawler  
  97  14:45  Corruptor x3  
  87  14:46  Corruptor  
  86  14:56  Hydralisk  
  63  15:20  Hydralisk  
  63  15:21  Hydralisk x3  
Show
View Real Time Build Order
Export as new Build Order

Morrigu Protoss 

Build Orders:  

Get SALT Encoding   

  12  0:01  Probe (Chrono Boost)  
  13  0:12  Probe (Chrono Boost)  
  14  0:20  Pylon  
  14  0:22  Probe (Chrono Boost)  
  15  0:38  Probe (Chrono Boost)  
  15  0:40  Gateway  
  16  0:44  Assimilator  
  16  0:49  Probe (Chrono Boost)  
  17  0:59  Probe (Chrono Boost)  
  17  1:01  Gateway  
  18  1:10  Probe (Chrono Boost)  
  19  1:11  Assimilator  
  19  1:20  Probe (Chrono Boost)  
  20  1:29  Cybernetics Core  
  20  1:31  Pylon  
  20  1:35  Probe (Chrono Boost)  
  21  1:46  Probe (Chrono Boost)  
  22  1:56  Probe (Chrono Boost)  
  23  2:05  Adept x2, Warp Gate  
  27  2:12  Robotics Facility  
  27  2:23  Pylon  
  27  2:32  Adept x2  
  31  2:58  Nexus  
  31  3:15  Warp Prism  
  31  3:17  Probe (Chrono Boost)  
  34  3:25  Gateway  
  34  3:41  Gateway  
  34  3:52  Probe (Chrono Boost)  
  36  4:03  Probe (Chrono Boost)  
  34  4:13  Probe x2 (Chrono Boost)  
  34  4:21  Twilight Council  
  34  4:23  Forge, Probe (Chrono Boost)  
  34  4:24  Probe (Chrono Boost)  
  32  4:34  Probe x2 (Chrono Boost)  
  34  4:44  Probe (Chrono Boost)  
  34  4:45  Sentry, Probe (Chrono Boost)  
  36  4:46  Sentry x2  
  42  4:53  Blink  
  42  4:55  Probe x2 (Chrono Boost)  
  42  4:57  Sentry  
  46  5:05  Probe (Chrono Boost)  
  46  5:06  Probe (Chrono Boost), Observer  
  49  5:09  Protoss Ground Weapons Level 1 (Chrono Boost)  
  49  5:13  Assimilator  
  49  5:15  Assimilator  
  49  5:16  Probe  
  49  5:17  Probe  
  50  5:21  Pylon  
  50  5:24  Pylon  
  42  5:30  Stalker  
  42  5:42  Stalker  
  42  5:43  Stalker  
  46  5:51  Probe  
  47  5:58  Probe  
  47  6:03  Probe  
  49  6:05  Stalker  
  49  6:10  Probe  
  52  6:11  Stalker  
  52  6:15  Probe  
  55  6:22  Probe  
  56  6:27  Probe  
  57  6:51  Stalker x4  
  57  6:53  Probe  
  57  6:54  Probe  
  67  6:59  Pylon  
  67  7:00  Pylon  
  67  7:05  Probe  
  68  7:14  Stalker  
  70  7:19  Stalker x3  
  76  7:23  Observer  
  77  7:43  Probe x2  
  69  7:55  Probe  
  69  7:56  Stalker x4  
  78  7:59  Probe  
  79  8:07  Protoss Ground Weapons Level 2 (Chrono Boost), Probe  
  79  8:11  Probe  
  81  8:20  Stalker x2  
  85  8:30  Pylon  
  85  8:32  Pylon  
  85  8:34  Pylon  
  85  8:35  Pylon  
  85  8:43  Pylon  
  85  8:48  Nexus  
  85  8:52  Pylon  
  85  8:58  Stalker x2  
  89  9:19  Robotics Bay  
  89  9:24  Gateway  
  89  9:29  Gateway  
  89  9:37  Robotics Facility  
  89  9:44  Stalker x2  
  93  9:46  Stalker  
  95  9:56  Stalker  
  97  10:00  Pylon  
  97  10:02  Probe x2  
  97  10:03  Probe  
  98  10:26  Stalker x2  
  98  10:27  Stalker x2  
  102  10:40  Assimilator  
  102  10:45  Assimilator  
  102  10:53  Nexus  
  102  10:59  Stalker x2  
  106  11:09  Disruptor x2  
  106  11:11  Observer Gravitic Boosters  
  112  11:15  Protoss Ground Armor Level 1 (Chrono Boost)  
  105  11:32  Stalker x5  
  103  11:46  Stalker  
  83  11:56  Probe  
  83  11:58  Probe x2  
  86  12:04  Probe  
  86  12:07  Probe  
  87  12:10  Probe x2  
  87  12:15  Probe  
  88  12:17  Probe  
  88  12:22  Probe x2  
  91  12:33  Disruptor x2 (Chrono Boost)  
  91  12:34  Mothership Core  
  91  12:35  Protoss Ground Weapons Level 3 (Chrono Boost), Probe x2  
  91  12:36  Probe  
  102  12:46  Probe  
  102  12:47  Probe  
  104  13:07  Observer x2 (Chrono Boost), Stalker x3  
  112  13:14  Probe  
  112  13:15  Probe x3  
  116  13:27  Probe x2  
  118  13:38  Stalker x5  
  128  13:44  Observer x2 (Chrono Boost)  
  121  13:51  Probe x3  
  121  13:55  Probe  
  122  14:00  Assimilator  
  123  14:03  Probe x2  
  123  14:04  Probe  
  123  14:05  Probe  
  123  14:07  Assimilator  
  127  14:10  Templar Archives  
  127  14:15  Probe  
  128  14:27  Pylon  
  128  14:33  Photon Cannon  
  128  14:35  Probe  
  128  14:36  Probe x3, Photon Cannon  
  132  14:55  High Templar  
  132  14:56  High Templar x5  
  132  14:58  Disruptor x2 (Chrono Boost)  
  132  14:59  Archon  
  150  15:00  Protoss Ground Armor Level 2, Archon x2  
  132  15:23  Pylon  
  132  15:29  Disruptor x2 (Chrono Boost), Stalker x3  
  132  15:30  Stalker x3  
  150  15:45  Gateway  
  150  15:46  Gateway  
  106  16:07  Stalker x3  
  106  16:08  Stalker x3  
  106  16:09  Disruptor (Chrono Boost)  
  106  16:10  Disruptor (Chrono Boost)  
  93  16:33  Stalker x4  
  93  16:34  Stalker x2  
  89  16:40  Stalker x4  
  89  16:41  Stalker x2  
  88  17:07  Nexus, Pylon  
  88  17:08  Stalker x2  
  88  17:09  Stalker x3  
  88  17:12  Stalker  
  100  17:18  Stalker x2  
  104  17:32  Probe x2  
  104  17:33  Probe  
  104  17:35  Nexus, Stalker x6  
  104  17:36  Pylon  
  102  17:48  Stalker x2  
  105  18:04  Gateway  
  104  18:06  High Templar x6, Gateway  
  104  18:08  Gateway  
  104  18:09  Gateway  
  116  18:19  Archon x2  
  116  18:20  Archon  
  116  18:25  Stalker x2  
  120  18:41  Stalker x2  
  72  19:19  Stalker x2  
Show
View Real Time Build Order
Export as new Build Order

TrapII Protoss - Winner!

Build Orders: 1 Gate Expand, Zealot Archon, Dark Templar Rush 

Get SALT Encoding   

  12  0:01  Probe (Chrono Boost)  
  13  0:12  Probe (Chrono Boost)  
  14  0:19  Pylon  
  14  0:25  Probe (Chrono Boost)  
  15  0:37  Probe (Chrono Boost)  
  15  0:42  Assimilator  
  16  0:46  Gateway  
  16  0:51  Probe (Chrono Boost)  
  17  1:02  Probe (Chrono Boost)  
  18  1:11  Assimilator  
  18  1:15  Probe (Chrono Boost)  
  20  1:25  Probe (Chrono Boost)  
  20  1:35  Nexus  
  20  1:41  Pylon  
  20  1:54  Cybernetics Core  
  20  2:02  Pylon  
  20  2:10  Probe (Chrono Boost)  
  21  2:25  Probe (Chrono Boost)  
  21  2:26  Pylon  
  22  2:36  Warp Gate (Chrono Boost)  
  22  2:42  Twilight Council  
  22  2:46  Probe (Chrono Boost), Forge  
  23  2:53  Probe  
  23  2:57  Probe  
  25  3:07  Probe  
  25  3:09  Probe  
  27  3:17  Gateway  
  27  3:19  Gateway  
  27  3:29  Probe x2, Dark Shrine  
  29  3:39  Pylon  
  29  3:52  Gateway  
  29  4:02  Probe  
  31  4:03  Probe  
  33  4:14  Photon Cannon  
  33  4:16  Pylon  
  31  4:30  Probe  
  31  4:32  Probe  
  31  4:33  Pylon  
  31  4:35  Pylon  
  33  4:41  Probe  
  33  4:44  Probe  
  35  4:51  Photon Cannon  
  35  4:52  Dark Templar  
  35  4:53  Dark Templar x2  
  35  4:54  Photon Cannon  
  35  5:50  Probe  
  35  5:51  Probe  
  35  5:54  Assimilator  
  35  5:55  Assimilator, Dark Templar  
  35  5:56  Dark Templar x2  
  35  5:57  Dark Templar  
  45  6:00  Probe  
  45  6:01  Archon x2  
  45  6:03  Probe  
  47  6:06  Protoss Ground Weapons Level 1 (Chrono Boost)  
  47  6:11  Probe  
  47  6:12  Forge  
  47  6:15  Probe  
  47  6:16  Gateway  
  47  6:17  Pylon x2  
  49  6:21  Probe, Gateway  
  50  6:27  Probe  
  50  6:31  Gateway  
  50  6:32  Gateway  
  51  6:35  Gateway  
  51  6:37  Gateway  
  51  6:39  Pylon  
  51  6:40  Stalker x3  
  51  6:44  Pylon  
  57  7:22  Protoss Ground Armor Level 1 (Chrono Boost)  
  57  7:26  Blink  
  57  7:42  Dark Templar x3  
  63  7:44  Zealot  
  63  7:45  Stalker  
  67  8:06  Dark Templar  
  67  8:08  Probe x2  
  71  8:37  Nexus  
  71  8:38  Protoss Ground Weapons Level 2 (Chrono Boost)  
  71  8:40  Pylon, Archon  
  71  8:41  Archon  
  71  8:42  Pylon  
  71  8:44  Stalker  
  71  8:45  Pylon, Stalker x4  
  71  8:48  Assimilator  
  81  8:52  Assimilator  
  81  9:20  Stalker  
  81  9:21  Stalker x4  
  81  9:23  Stalker  
  93  9:28  Photon Cannon  
  93  9:29  Photon Cannon  
  93  9:32  Photon Cannon  
  93  9:33  Photon Cannon  
  93  9:35  Photon Cannon  
  93  9:37  Photon Cannon  
  93  9:40  Dark Templar x2  
  93  9:41  Photon Cannon  
  93  9:44  Archon  
  97  9:50  Pylon  
  97  9:55  Probe  
  97  9:56  Probe x2  
  100  10:05  Probe  
  100  10:08  Probe x2  
  103  10:21  Dark Templar, Stalker x4  
  99  10:22  Dark Templar x2  
  81  10:41  Dark Templar x2  
  85  10:43  Archon  
  85  10:45  Archon  
  85  10:56  Photon Cannon  
  85  10:57  Photon Cannon  
  85  11:00  Photon Cannon  
  85  11:01  Protoss Ground Armor Level 2 (Chrono Boost)  
  85  11:02  Protoss Ground Weapons Level 3 (Chrono Boost)  
  85  11:19  Stalker x3  
  85  11:20  Stalker x2  
  79  11:51  Dark Templar x2  
  79  11:52  Dark Templar x2  
  79  11:53  Stalker x2  
  67  11:54  Stalker  
  67  11:59  Archon x2  
  65  12:25  Dark Templar x2  
  65  12:26  Dark Templar x2  
  65  12:27  Zealot x3  
  65  12:28  Zealot x3  
  81  12:39  Charge  
  55  13:13  Dark Templar  
  55  13:14  Dark Templar x3  
  55  13:15  Zealot x2  
  55  13:16  Zealot x4  
  75  13:38  Stalker x3  
  75  13:39  Stalker  
  75  13:40  Archon  
  75  13:41  Archon  
  79  14:19  Protoss Ground Armor Level 3 (Chrono Boost), Dark Templar x4, Protoss Shields Level 1 (Chrono Boost)  
  87  14:24  Stalker  
  87  14:26  Archon  
  87  14:27  Archon  
  89  14:55  Stalker  
  89  14:56  Stalker x2  
  89  14:57  Zealot x2  
  89  14:58  Dark Templar, Zealot  
  103  15:00  Dark Templar  
  103  15:01  Zealot  
  101  15:25  Dark Templar x2  
  101  15:26  Zealot x3  
  101  15:27  Zealot x2  
  101  15:28  Zealot  
  117  15:36  Archon  
  117  15:37  Archon  
  81  16:01  Dark Templar x3  
  81  16:03  Zealot x4  
  81  16:04  Zealot x2  
  65  16:28  Stalker x2  
  65  16:29  Stalker x4  
  63  17:03  Stalker x6  
  63  17:04  Stalker  
  77  17:25  Stalker x3  
  77  17:26  Stalker  
  81  18:13  Stalker x4  
  81  18:14  Dark Templar  
  81  18:15  Dark Templar x2  
  95  18:42  Nexus  
  95  19:25  Dark Templar x4  
Show
View Real Time Build Order
Export as new Build Order

Jhyrachy Zerg - Winner!

Build Orders: Pool First 

Get SALT Encoding   

  12  0:22  Spawning Pool  
  12  0:25  Extractor  
  12  0:26  Drone  
  11  0:29  Drone  
  12  0:40  Drone  
  14  0:42  Drone  
  14  0:54  Overlord  
  14  1:11  Queen  
  14  1:16  Drone x2  
  18  1:28  Drone  
  18  1:32  Drone  
  20  1:42  Drone  
  21  1:57  Drone  
  21  2:00  Extractor  
  21  2:02  Lair  
  21  2:05  Drone  
  22  2:28  Overlord  
  22  2:41  Hatchery  
  21  2:46  Drone x3  
  24  3:05  Drone x2  
  26  3:12  Spire  
  25  3:20  Spire  
  24  3:48  Drone x5  
  25  3:49  Drone  
  25  3:55  Queen  
  32  4:11  Drone x4  
  32  4:12  Overlord  
  32  4:17  Extractor  
  35  4:18  Extractor  
  35  4:19  Drone x2  
  36  4:25  Zerg Flyer Weapons Level 1  
  36  4:33  Zerg Flyer Armor Level 1  
  36  4:39  Drone  
  36  4:40  Drone x5  
  42  5:02  Drone x2  
  42  5:03  Overlord x2  
  44  5:28  Mutalisk x6  
  46  5:31  Overlord x2  
  56  5:38  Drone  
  57  6:07  Drone  
  57  6:10  Mutalisk  
  57  6:11  Mutalisk x4  
  60  6:15  Overlord x3  
  60  6:16  Overlord  
  68  6:25  Zerg Flyer Weapons Level 2  
  68  6:38  Hatchery  
  67  6:49  Hatchery  
  67  6:50  Zerg Flyer Armor Level 2  
  66  7:09  Mutalisk  
  66  7:10  Mutalisk  
  70  7:32  Mutalisk x3  
  76  7:51  Queen  
  76  7:55  Drone  
  79  8:19  Infestation Pit  
  78  8:26  Extractor  
  77  8:28  Drone x3  
  80  8:35  Mutalisk  
  80  8:36  Mutalisk x5  
  92  8:46  Drone, Extractor  
  92  8:54  Drone x3  
  95  8:58  Drone x5  
  95  8:59  Drone x8  
  108  9:09  Queen  
  110  9:16  Drone x2  
  110  9:17  Drone  
  113  9:22  Mutalisk  
  113  9:23  Mutalisk x2  
  119  9:32  Hive  
  119  9:37  Overlord x3  
  119  9:38  Overlord x3  
  119  9:58  Extractor  
  118  10:02  Drone x2  
  118  10:03  Drone  
  118  10:06  Drone x3  
  124  10:08  Drone x4  
  124  10:09  Drone x4  
  124  10:12  Mutalisk x5  
  142  10:21  Mutalisk x5  
  152  10:33  Mutalisk x2, Extractor  
  155  10:37  Overlord x4  
  155  10:41  Pneumatized Carapace  
  155  11:00  Drone  
  155  11:01  Drone  
  157  11:15  Mutalisk x5  
  157  11:16  Mutalisk x3  
  173  11:34  Zerg Flyer Weapons Level 3  
  151  12:10  Drone x4  
  151  12:15  Extractor  
  152  12:21  Zerg Flyer Armor Level 3  
  152  12:27  Mutalisk x5  
  152  12:28  Mutalisk x4  
  170  13:28  Mutalisk x11  
  162  14:36  Hatchery  
  161  14:43  Mutalisk x8  
  161  14:44  Mutalisk x5  
  125  17:18  Mutalisk  
  125  17:19  Mutalisk x16  
  125  17:20  Mutalisk x7  
  173  17:27  Extractor  
  172  17:31  Queen  
  174  18:14  Extractor  
Show
View Real Time Build Order
Export as new Build Order

ReDMaN Terran - Winner!

Build Orders:  

Get SALT Encoding   

  12  0:04  SCV  
  13  0:16  SCV  
  14  0:24  Supply Depot  
  14  0:28  SCV  
  14  0:35  Refinery  
  15  0:49  Barracks  
  15  0:59  Barracks  
  15  1:17  Barracks  
  15  1:21  Refinery  
  15  1:25  SCV  
  16  1:38  Reaper  
  17  1:48  Reaper  
  18  1:54  Orbital Command  
  18  2:04  Reaper  
  19  2:10  Reaper  
  20  2:16  Supply Depot  
  20  2:23  Reaper  
  21  2:33  Engineering Bay  
  21  2:40  Reaper  
  22  2:45  Reaper  
  22  2:49  SCV  
  24  3:09  Missile Turret, Barracks Tech Lab  
  21  4:03  Reaper x2  
  23  4:28  Reaper  
  24  4:35  Reaper  
  25  5:00  Reaper  
  26  5:09  Barracks Reactor  
  26  5:12  Barracks Reactor  
  25  5:22  Terran Infantry Weapons Level 1  
  25  5:26  Missile Turret  
  25  5:27  Missile Turret  
  25  5:32  Reaper  
  26  5:35  Supply Depot  
  26  5:36  SCV  
  26  5:37  Supply Depot  
  27  5:43  Command Center  
  27  5:45  Barracks  
  27  5:47  Missile Turret, Barracks  
  27  5:49  SCV  
  28  5:53  Reaper x2  
  28  5:54  Reaper  
  31  6:02  Missile Turret  
  31  6:19  Reaper x2  
  28  7:07  Reaper x3  
  30  7:13  Planetary Fortress  
  30  7:16  Hi-Sec Auto Tracking  
  30  7:18  Missile Turret  
  30  7:23  Barracks Reactor  
  30  7:24  Barracks Reactor  
  30  7:28  SCV  
  31  7:38  Missile Turret  
  31  7:41  SCV  
  32  7:47  Reaper x2  
  32  7:48  Reaper  
  35  7:55  SCV  
  35  7:58  Missile Turret  
  36  8:03  Missile Turret  
  36  8:06  Reaper x2  
  36  8:08  SCV  
  39  8:20  SCV  
  39  8:23  Missile Turret  
  40  8:43  Reaper x4  
  40  8:46  SCV x2  
  43  8:50  Terran Infantry Armor Level 1  
  43  8:58  SCV  
  43  9:00  Missile Turret  
  45  9:06  Refinery  
  44  9:10  SCV  
  44  9:15  Reaper x2  
  47  9:22  SCV  
  48  9:34  SCV  
  49  9:46  SCV  
  49  9:49  Factory  
  50  9:55  Refinery  
  50  10:03  Reaper x3  
  50  10:04  Reaper  
  50  10:07  Command Center  
  54  10:13  Reaper x2  
  56  10:36  Reaper x2  
  56  10:37  Reaper  
  58  10:47  Armory  
  50  11:35  Reaper x4  
  54  11:43  Orbital Command  
  34  12:23  Reaper x3  
  34  12:24  Reaper x6  
  43  12:31  Refinery  
  43  12:36  SCV x3  
  46  12:41  Terran Infantry Weapons Level 2  
  46  12:48  SCV x2  
  48  12:55  Reaper x2, Marine  
  48  12:56  Reaper x3  
  54  12:58  Reaper  
  54  12:59  Reaper x2  
  54  13:04  SCV  
  58  13:13  Reaper  
  53  13:27  Reaper  
  40  13:35  Reaper x4  
  40  13:36  Reaper  
  45  13:42  Missile Turret  
  45  13:44  Missile Turret  
  38  13:58  Reaper  
  38  14:00  Missile Turret  
  37  14:03  SCV  
  38  14:15  SCV  
  39  14:20  Reaper x2  
  41  14:27  SCV  
  41  14:39  Reaper  
  42  14:51  Reaper  
  43  14:53  SCV  
  43  15:06  SCV  
  43  15:08  Reaper x2  
  44  15:35  Reaper x2  
  46  15:37  SCV  
  46  15:40  Refinery  
  47  15:49  SCV  
  46  16:01  SCV  
  45  16:13  SCV  
  46  16:20  Reaper x3  
  46  17:05  Reaper x3  
  49  17:14  Reaper x2  
  48  17:59  Reaper x2  
  48  18:00  Reaper x2  
  52  18:10  Refinery  
Show
View Real Time Build Order
Export as new Build Order

TheNoob Protoss - Winner!

Build Orders:  

Get SALT Encoding   

  12  0:02  Probe (Chrono Boost)  
  13  0:14  Pylon  
  13  0:18  Probe (Chrono Boost)  
  14  0:29  Assimilator  
  14  0:30  Probe (Chrono Boost)  
  15  0:41  Gateway  
  15  0:44  Probe (Chrono Boost)  
  16  0:54  Probe (Chrono Boost)  
  17  1:00  Pylon  
  17  1:05  Probe (Chrono Boost)  
  18  1:13  Assimilator  
  18  1:15  Probe (Chrono Boost)  
  19  1:26  Probe (Chrono Boost)  
  19  1:29  Cybernetics Core  
  20  1:36  Probe (Chrono Boost)  
  22  1:47  Probe (Chrono Boost)  
  22  2:04  Probe (Chrono Boost)  
  23  2:11  Nexus  
  23  2:17  Probe (Chrono Boost)  
  24  2:23  Stargate  
  24  2:28  Probe (Chrono Boost)  
  25  2:32  Protoss Air Weapons Level 1  
  25  2:40  Probe (Chrono Boost)  
  25  2:44  Pylon  
  26  2:48  Forge  
  26  2:51  Probe (Chrono Boost)  
  28  3:05  Probe (Chrono Boost)  
  28  3:08  Void Ray  
  32  3:21  Probe (Chrono Boost)  
  32  3:23  Photon Cannon  
  33  3:28  Probe (Chrono Boost)  
  34  3:35  Photon Cannon  
  34  3:39  Probe (Chrono Boost)  
  34  3:40  Probe (Chrono Boost)  
  36  3:56  Void Ray  
  36  3:58  Probe x2 (Chrono Boost)  
  41  4:14  Protoss Air Armor Level 1  
  41  4:18  Protoss Shields Level 1 (Chrono Boost)  
  41  4:26  Pylon  
  41  4:30  Assimilator  
  41  4:32  Probe x2 (Chrono Boost)  
  41  4:34  Assimilator  
  43  4:39  Void Ray  
  43  4:43  Probe x2  
  49  4:49  Pylon x2  
  49  4:57  Probe  
  50  5:09  Probe  
  51  5:18  Stargate  
  51  5:24  Nexus  
  51  5:30  Void Ray  
  55  5:54  Fleet Beacon  
  55  5:55  Twilight Council  
  55  6:07  Void Ray  
  59  6:24  Stargate  
  59  6:26  Pylon  
  59  6:27  Pylon  
  59  6:29  Pylon  
  59  6:34  Protoss Shields Level 2 (Chrono Boost)  
  59  6:36  Probe x2 (Chrono Boost)  
  59  6:37  Probe (Chrono Boost)  
  62  6:42  Photon Cannon  
  62  6:45  Photon Cannon  
  62  6:51  Probe x3 (Chrono Boost)  
  65  6:54  Pylon  
  65  6:58  Pylon  
  65  7:00  Pylon  
  65  7:02  Protoss Air Weapons Level 2  
  65  7:04  Probe (Chrono Boost)  
  65  7:05  Probe x2 (Chrono Boost)  
  68  7:15  Photon Cannon  
  68  7:19  Photon Cannon  
  68  7:24  Photon Cannon  
  68  7:26  Photon Cannon  
  68  7:34  Photon Cannon  
  47  7:44  Tempest (Chrono Boost)  
  47  7:45  Tempest (Chrono Boost)  
  51  7:55  Probe x3  
  51  8:07  Probe x3  
  51  8:11  Tempest (Chrono Boost)  
  58  8:20  Assimilator  
  58  8:23  Assimilator, Probe x3  
  61  8:29  Tempest (Chrono Boost)  
  65  8:43  Tempest (Chrono Boost)  
  65  8:47  Cybernetics Core  
  69  8:52  Pylon  
  69  8:54  Pylon  
  69  9:00  Tempest (Chrono Boost)  
  69  9:01  Protoss Air Armor Level 2  
  73  9:15  Protoss Air Weapons Level 3  
  73  9:21  Protoss Shields Level 3 (Chrono Boost)  
  73  10:00  Tempest  
  77  10:14  Nexus  
  77  10:16  Assimilator  
  77  10:19  Tempest x2  
  85  10:22  Assimilator  
  85  10:25  Pylon  
  85  10:29  Pylon  
  85  10:43  Tempest  
  89  10:53  Photon Cannon  
  89  10:55  Photon Cannon  
  89  10:58  Photon Cannon  
  89  11:01  Tempest, Stargate, Photon Cannon  
  93  11:05  Photon Cannon  
  93  11:09  Tempest  
  97  11:27  Tempest  
  101  11:42  Nexus  
  101  11:45  Tempest (Chrono Boost)  
  105  12:17  Probe x3  
  108  12:29  Tempest (Chrono Boost)  
  120  12:32  Tempest (Chrono Boost)  
  120  12:35  Tempest (Chrono Boost)  
  120  12:36  Probe x2  
  126  13:58  Tempest (Chrono Boost)  
  126  13:59  Tempest (Chrono Boost)  
  126  14:00  Tempest (Chrono Boost)  
  126  14:01  Tempest (Chrono Boost)  
  126  14:19  Protoss Air Armor Level 3  
  126  14:21  Nexus  
  126  14:36  Tempest x2 (Chrono Boost)  
  122  14:51  Assimilator  
  118  15:11  Tempest (Chrono Boost)  
  118  15:13  Tempest (Chrono Boost)  
  122  15:15  Tempest (Chrono Boost)  
  122  15:39  Tempest (Chrono Boost)  
  126  16:05  Tempest x2 (Chrono Boost)  
  134  16:13  Pylon  
  134  16:15  Pylon  
  134  16:17  Pylon  
  134  16:20  Pylon  
  134  16:24  Pylon  
  134  16:38  Tempest (Chrono Boost)  
  138  16:45  Tempest (Chrono Boost)  
  142  17:38  Tempest x4 (Chrono Boost)  
  158  17:44  Pylon  
  158  18:15  Tempest (Chrono Boost)  
  162  18:44  Pylon  
  162  18:46  Assimilator x2  
  162  18:49  Pylon x2  
  178  19:07  Photon Cannon  
  178  19:15  Photon Cannon  
Tags
 
Add a new tag
Caveats
  • Supply blocks, unpowered buildings, or Contaminate may cause inaccurate times.
  • Supply counts are checked every 10 seconds.